 Dungeon Crawl Stone Soup version 0.23-b1-58-ge3fafae (webtiles) character file.

Game seed: 5023987920519633106

812 doot the Caller (level 7, -1/39 HPs)
             Began as a Tengu Summoner on Feb 4, 2019.
             Was an Initiate of Sif Muna.
             Killed from afar by an orc wizard (15 damage)
             ... with a puff of flame
             ... on level 4 of the Dungeon.
             The game lasted 00:12:01 (4083 turns).

doot the Caller (Tengu Summoner)                    Turns: 4083, Time: 00:12:02

Health: -1/39      AC:  3    Str:  8    XL:     7   Next: 93%
Magic:  10/14      EV: 13    Int: 18    God:    Sif Muna [......]
Gold:   215        SH:  0    Dex: 14    Spells: 0/14 levels left

rFire    x . .     SeeInvis .   d - +0 spear (venom)
rCold    + . .     Gourm    .   (no shield)
rNeg     . . .     Faith    .   a - +0 robe
rPois    .         Spirit   .   (helmet restricted)
rElec    .         Reflect  .   j - +0 cloak
rCorr    .         Harm     .   (no gloves)
MR       .....                  (boots unavailable)
Stlth    ++........             q - amulet of inaccuracy (curse)
HPRegen  0.13/turn              s - ring of ice
MPRegen  0.14/turn              r - ring of wizardry

@: very slightly contaminated
A: beak, talons 3, able to fly
a: Fly, Renounce Religion


You were on level 4 of the Dungeon.
You worshipped Sif Muna.
Sif Muna was noncommittal.
You were not hungry.

You visited 2 branches of the dungeon, and saw 7 of its levels.

You collected 215 gold pieces.

Inventory:

Hand Weapons
 d - a +0 spear of venom (weapon)
 k - a +0 trident
Armour
 a - a +0 robe (worn)
 j - a +0 cloak (worn)
Jewellery
 q - a cursed amulet of inaccuracy (around neck)
 r - a ring of wizardry (right hand)
 s - a ring of ice (left hand)
Wands
 h - a wand of random effects (33)
Scrolls
 b - 2 scrolls of identify {unknown}
 e - a scroll of fog {unknown}
 g - a scroll of teleportation {unknown}
 i - 2 scrolls of holy word {unknown}
 o - a scroll of remove curse {unknown}
Potions
 f - a potion of mutation {unknown}
 l - a potion of curing
 m - 2 potions of lignification {unknown}
 n - 2 potions of heal wounds {unknown}
 p - 2 potions of ambrosia {unknown}
Comestibles
 c - 14 rations
 t - 8 chunks of flesh


   Skills:
 + Level 1.7 Fighting
 + Level 3.5 Polearms
 + Level 3.1 Dodging
 + Level 3.4 Stealth
 + Level 4.4 Spellcasting
 + Level 7.6 Summonings
 + Level 1.1 Air Magic


You couldn't memorise any spells.
You knew the following spells:

 Your Spells              Type           Power        Failure   Level  Hunger
a - Summon Small Mammal   Summ           ####         1%          1    None
b - Call Imp              Summ           ####....     1%          2    ##.....
c - Call Canine Familiar  Summ           ####....     1%          3    ###....
d - Summon Lightning Spi  Summ/Air       ###.....     10%         4    ####...
e - Summon Ice Beast      Ice/Summ       ####....     12%         4    ####...

Your spell library contained the following spells:

 Spells                   Type           Power        Failure   Level  Hunger
 Summon Guardian Golem    Hex/Summ       ###.....     3%          3    ###....


Dungeon Overview and Level Annotations

Branches:
Dungeon (6/15)             Temple (1/1) D:6

Altars:
Ashenzari
Cheibriados
Dithmenos
Elyvilon
Fedhas
Gozag
Hepliaklqana
Kikubaaqudgha
Makhleb
Okawaru
Qazlal
Ru
Sif Muna
Uskayaw
Vehumet
Xom
Yredelemnul
Zin
The Shining One


Innate Abilities, Weirdness & Mutations

You have a beak for a mouth.
You have claws for feet.
You can fly continuously.


Message History

Something barely misses your lightning spire.
Something hits your lightning spire but does no damage.
The orc priest invokes the aid of Beogh against you.
Beogh smites you!
* * * LOW HITPOINT WARNING * * *
Something hits your lightning spire but does no damage.
Something completely misses your lightning spire.
Something hits your lightning spire but does no damage.
An orc wizard appears from thin air!
Reactivating autopickup.
Casting: Summon Lightning Spire (safe; 10% risk of failure)
Confirm with . or Enter, or press ? or * to list all spells.
Aiming: Summon Lightning Spire (safe; 10% risk of failure)
Press: ? - help, Dir - move target cursor You miscast Summon Lightning Spire.
You are very lightly contaminated with residual magic.
Sparks of electricity dance between your hands.
The orc wizard gestures at you while chanting.
The fire burns you terribly! The puff of flame hits you!
You die...

#.#.# #o#.# #.#.#
#.#.# .# #.#.#
#.# #.#.# #.#
#.#.# #.# #.#.#
##.## #@#.#
###...### #.#.#
........# #.#.#
###...#.# #.#.#
##5##.# #.#.#
#5##.########.#.#
#.#5..≈≈≈≈≈##.#.#
#.55..≈...≈##.#8#
###...≈≈⌠≈≈##.#{#


You could see an orc wizard.

Vanquished Creatures
  A scorpion (D:5)
  A crimson imp (D:5)
  A centaur skeleton (D:4)
  3 hounds (D:4)
  A jelly (D:2)
  An orc wizard (D:4)
  Natasha (D:4)
  A worker ant (D:5)
  A hound skeleton (D:5)
  An adder (D:3)
  An ooze (D:3)
  A worm (D:3)
  A dart slug (D:2)
  3 leopard geckos
  2 orcs
  A ball python (D:3)
  A bat (D:3)
  5 giant cockroaches
  2 goblins
  4 hobgoblins
  An iguana (D:2)
  7 jackals
  3 quokkas
  2 frilled lizards
  A jackal skeleton (D:5)
  3 rats
50 creatures vanquished.

Vanquished Creatures (collateral kills)
  A sky beast (D:3)
  A phantom (D:4)
  3 ogres
  A bullfrog (D:6)
  A jelly (D:2)
  A bullfrog skeleton (D:4)
  A hound (D:5)
  Natasha (twice) (D:4)
  2 worker ants
  3 gnolls (D:5)
  2 adders
  A shadow imp (D:6)
  An ooze (D:3)
  A leopard gecko (D:3)
  5 orcs
  3 bats
  A giant cockroach (D:6)
  4 goblins
  2 hobgoblins (D:2)
  A jackal (D:3)
  A quokka (D:4)
  A frilled lizard (D:2)
  A kobold (D:2)
  A rat (D:2)
41 creatures vanquished.

Grand Total: 91 creatures vanquished

Notes
Turn   | Place    | Note
-------+----------+-------------------------------------------
     0 | D:1      | doot the Tengu Summoner began the quest for the Orb.
     0 | D:1      | Reached XP level 1. HP: 10/10 MP: 4/4
    47 | D:1      | Reached skill level 5 in Summonings
   150 | D:2      | Reached XP level 2. HP: 15/15 MP: 4/6
   154 | D:2      | Learned a level 2 spell: Call Imp
   377 | D:4      | Reached XP level 3. HP: 19/19 MP: 3/7
   430 | D:4      | Found a shimmering altar of Xom.
   496 | D:4      | Learned a level 3 spell: Call Canine Familiar
   574 | D:4      | Reached skill level 1 in Polearms
   574 | D:4      | Reached XP level 4. HP: 24/24 MP: 1/8
   632 | D:4      | Reached skill level 6 in Summonings
   809 | D:5      | Entered Level 5 of the Dungeon
   841 | D:5      | Gained mutation: You can fly continuously. [Tengu growth]
   841 | D:5      | Reached XP level 5. HP: 22/28 MP: 0/10
   986 | D:5      | Found a stormy altar of Qazlal.
  1129 | D:5      | Noticed an ogre
  1155 | D:5      | Killed an ogre
  1188 | D:5      | Reached skill level 1 in Fighting
  1198 | D:5      | Reached XP level 6. HP: 31/34 MP: 11/11
  1531 | D:6      | Reached skill level 7 in Summonings
  1562 | D:6      | Found a staircase to the Ecumenical Temple.
  1568 | Temple   | Entered the Ecumenical Temple
  1636 | Temple   | Became a worshipper of Sif Muna the Loreminder
  1682 | D:4      | Reached XP level 7. HP: 30/38 MP: 10/13
  1706 | D:4      | Learned a level 4 spell: Summon Lightning Spire
  1719 | D:4      | Noticed Natasha
  1979 | D:4      | Killed Natasha
  2343 | D:3      | Found a burning altar of Makhleb.
  2918 | D:2      | You fall through a shaft for 2 floors!
  2995 | D:2      | Found a snail-covered altar of Cheibriados.
  3034 | D:2      | Found a glowing silver altar of Zin.
  3042 | D:2      | Learned a level 4 spell: Summon Ice Beast
  3080 | D:2      | You fall through a shaft for 2 floors!
  3576 | D:2      | Found a shimmering altar of Xom.
  3843 | D:4      | Noticed Natasha
  3846 | D:4      | Killed Natasha
  3868 | D:4      | Reached skill level 1 in Air Magic
  3912 | D:4      | Noticed Natasha
  3922 | D:4      | Killed Natasha
  4083 | D:4      | Killed from afar by an orc wizard

Skill      XL: |  1  2  3  4  5  6  7 |
---------------+----------------------+-----
Summonings     | 5 6 7 |  7.6
Polearms       | 1 2 3 |  3.5
Spellcasting   | 3 4 |  4.4
Fighting       | 1 |  1.7
Dodging        | 3 |  3.1
Stealth        | 3 |  3.4
Air Magic      | 1 |  1.1

Action                   |  1- 3 |  4- 6 |  7- 9 || total
-------------------------+-------+-------+-------++-------
Melee: Spear             |    37 |    60 |    89 ||   186
       Kick              |     3 |    16 |    13 ||    32
       Peck              |     2 |     6 |     4 ||    12
 Cast: Summon Small Mamm |     7 |     1 |       ||     8
       Call Imp          |     7 |     8 |     7 ||    22
       Call Canine Famil |       |     7 |    15 ||    22
       Summon Lightning  |       |       |     6 ||     6
 Stab: Sleeping          |     2 |     2 |     6 ||    10
       Distracted        |       |     1 |       ||     1
  Eat: Chunk             |       |     4 |     7 ||    11
       Ration            |       |       |     1 ||     1
Armor: Robe              |     5 |    11 |    12 ||    28
Dodge: Dodged            |    14 |    30 |    45 ||    89
